Map: [ESL] Royal Blood

Players

Harstem

  • Race: Protoss Protoss
  • League: Master
  • Spawn Location: 1:00

Reynor - Winner!

  • Race: Zerg Zerg
  • League: Master
  • Spawn Location: 7:00

Event: HomeStory Cup XXIII

VOD

Have the link to the VOD?

Description

Time

  • Played on: June 30, 2023, 7:52 a.m.
  • Length: 9:42

All games in this series

Show
View Real Time Build Order
Export as new Build Order

Harstem Protoss 

Build Orders: 1 Gate Expand, Oracle Opening, Zealot Archon 

Get SALT Encoding   

  12  0:00  Probe  
  13  0:12  Probe  
  14  0:17  Pylon  
  14  0:24  Probe (Chrono Boost)  
  16  0:36  Probe (Chrono Boost)  
  16  0:38  Gateway  
  16  0:43  Probe (Chrono Boost)  
  16  0:46  Assimilator  
  17  0:51  Probe  
  18  1:03  Probe  
  19  1:15  Probe  
  20  1:25  Nexus  
  20  1:32  Cybernetics Core  
  20  1:36  Probe  
  21  1:41  Assimilator  
  21  1:48  Probe  
  21  1:50  Pylon  
  22  2:00  Probe  
  23  2:06  Adept (Chrono Boost)  
  23  2:09  Warp Gate  
  23  2:12  Probe  
  26  2:24  Probe  
  26  2:26  Adept (Chrono Boost)  
  29  2:36  Probe  
  30  2:37  Stargate  
  30  2:39  Probe  
  31  2:48  Probe  
  33  2:51  Probe  
  33  2:59  Nexus  
  33  3:01  Probe  
  33  3:04  Probe  
  35  3:13  Probe  
  35  3:17  Probe  
  35  3:19  Gateway  
  37  3:20  Oracle (Chrono Boost)  
  37  3:25  Probe  
  41  3:29  Assimilator  
  41  3:30  Pylon  
  41  3:31  Probe  
  42  3:37  Probe  
  43  3:43  Probe  
  44  3:50  Probe, Gateway x2  
  44  3:54  Twilight Council  
  45  3:56  Probe  
  45  3:59  Adept  
  45  4:02  Probe  
  49  4:08  Probe  
  50  4:12  Probe  
  50  4:14  Probe, Adept  
  54  4:20  Probe  
  54  4:22  Adept  
  54  4:24  Probe, Resonating Glaives (Chrono Boost)  
  58  4:26  Probe  
  58  4:27  Pylon  
  59  4:32  Probe  
  59  4:36  Probe  
  59  4:38  Probe  
  61  4:43  Adept  
  61  4:44  Probe, Adept  
  66  4:45  Pylon  
  66  4:48  Probe, Adept  
  66  4:49  Adept  
  66  4:50  Probe  
  72  4:56  Probe  
  73  5:00  Probe  
  73  5:01  Pylon  
  73  5:02  Probe, Shield Battery  
  75  5:08  Adept x2  
  75  5:09  Adept x2  
  75  5:13  Probe  
  75  5:14  Probe  
  86  5:24  Pylon  
  88  5:29  Adept x2, Assimilator  
  88  5:31  Adept x2  
  88  5:34  Robotics Facility  
  93  5:36  Forge  
  94  5:42  Probe  
  94  5:43  Probe x2  
  94  5:44  Assimilator x2  
  96  5:55  Probe (Chrono Boost)  
  85  5:58  Zealot x3  
  85  5:59  Probe (Chrono Boost)  
  85  6:00  Probe (Chrono Boost)  
  81  6:04  Stalker  
  81  6:06  Probe (Chrono Boost), Gateway  
  81  6:08  Protoss Ground Weapons Level 1 (Chrono Boost)  
  81  6:09  Gateway  
  84  6:12  Templar Archives  
  84  6:13  Probe x2 (Chrono Boost)  
  84  6:18  Gateway  
  84  6:19  Photon Cannon  
  84  6:23  Charge  
  84  6:24  Probe (Chrono Boost)  
  84  6:25  Probe  
  86  6:27  Pylon  
  86  6:29  Warp Prism (Chrono Boost)  
  86  6:31  Pylon  
  88  6:35  Sentry  
  88  6:38  Probe  
  88  6:39  Probe, Pylon  
  92  6:50  High Templar x2, Zealot  
  92  6:52  Gateway  
  98  6:57  Immortal (Chrono Boost)  
  98  6:59  Archon  
  102  7:02  Zealot x2  
  106  7:09  Nexus  
  106  7:12  High Templar x2  
  106  7:14  Stalker  
  111  7:23  Archon  
  111  7:24  Psionic Storm, Probe  
  111  7:26  Phoenix  
  111  7:27  Pylon  
  114  7:33  Probe  
  114  7:34  High Templar  
  115  7:37  Gateway  
  115  7:39  Photon Cannon  
  115  7:47  Probe (Chrono Boost)  
  115  7:48  Probe (Chrono Boost)  
  118  7:55  Probe (Chrono Boost)  
  118  7:56  High Templar x2  
  118  7:58  Probe (Chrono Boost), Immortal (Chrono Boost)  
  124  8:00  Probe (Chrono Boost)  
  124  8:02  Probe (Chrono Boost)  
  124  8:03  Pylon  
  130  8:06  Pylon  
  130  8:08  Probe  
  130  8:09  Pylon  
  130  8:11  Zealot  
  130  8:12  Assimilator  
  132  8:14  Pylon, Assimilator  
  132  8:15  Pylon  
  132  8:27  Immortal (Chrono Boost)  
  132  8:29  High Templar  
  132  8:30  Nexus  
  138  8:41  High Templar  
  138  8:45  Photon Cannon  
  138  8:46  Zealot  
  138  8:47  Pylon, Zealot  
  144  8:51  High Templar  
  144  8:52  High Templar, Zealot x3  
  154  8:57  Archon  
  154  9:02  Probe  
  155  9:04  Gateway  
  155  9:11  High Templar  
  155  9:12  High Templar, Zealot x3  
  155  9:15  Observer (Chrono Boost)  
  162  9:23  Zealot x2  
  142  9:28  Zealot x2  
  142  9:29  Probe  
  135  9:32  Zealot x2  
  135  9:33  Zealot  
Show
View Real Time Build Order
Export as new Build Order

Reynor Zerg - Winner!

Build Orders: Hatch First 

Get SALT Encoding   

  12  0:00  Drone  
  13  0:11  Overlord  
  13  0:16  Drone  
  14  0:30  Drone x2  
  16  0:47  Hatchery  
  15  0:51  Drone  
  15  0:55  Drone  
  17  0:57  Drone  
  18  1:09  Extractor  
  17  1:13  Spawning Pool  
  17  1:16  Drone  
  17  1:20  Drone  
  18  1:27  Drone  
  19  1:38  Drone  
  20  1:48  Overlord  
  20  1:59  Queen x2  
  20  2:00  Zergling x4  
  26  2:10  Drone x2  
  26  2:12  Metabolic Boost  
  28  2:21  Drone x2  
  30  2:35  Hatchery  
  30  2:36  Drone  
  30  2:38  Drone  
  30  2:42  Drone  
  32  2:45  Overlord  
  32  2:53  Zergling x2  
  32  2:54  Drone  
  32  2:56  Queen  
  35  3:03  Queen  
  37  3:06  Drone  
  37  3:08  Drone  
  37  3:10  Drone  
  37  3:11  Zergling x2  
  41  3:13  Zergling x2  
  41  3:17  Overlord  
  43  3:20  Drone  
  43  3:26  Drone, Evolution Chamber  
  43  3:31  Overlord  
  43  3:36  Drone  
  43  3:37  Drone x2  
  43  3:39  Queen  
  43  3:41  Drone  
  49  3:46  Drone x2  
  51  3:50  Drone  
  51  3:51  Spore Crawler  
  51  3:52  Zergling x2  
  51  3:53  Drone  
  53  3:57  Overlord  
  53  3:58  Drone  
  53  4:02  Zerg Melee Weapons Level 1  
  54  4:05  Drone x2  
  54  4:06  Drone  
  54  4:09  Drone  
  58  4:14  Spore Crawler  
  58  4:16  Spore Crawler  
  56  4:17  Drone x2  
  56  4:19  Drone x2  
  56  4:21  Drone  
  56  4:23  Overlord  
  56  4:24  Drone x2  
  62  4:26  Drone  
  65  4:36  Drone  
  65  4:37  Drone  
  65  4:38  Drone  
  68  4:41  Baneling Nest  
  68  4:42  Hatchery  
  68  4:43  Drone  
  68  4:44  Drone  
  68  4:49  Overlord  
  67  4:55  Zergling x14  
  67  4:58  Queen  
  76  5:00  Zergling x2  
  76  5:02  Zergling x6  
  76  5:05  Overlord  
  80  5:08  Zergling x2  
  80  5:12  Queen  
  80  5:14  Extractor, Zergling x2  
  83  5:18  Overlord  
  83  5:19  Zergling x2  
  84  5:23  Zergling x6  
  84  5:24  Zergling x2  
  84  5:28  Baneling x6  
  87  5:29  Drone  
  87  5:30  Drone x3  
  87  5:32  Zergling x2  
  92  5:36  Queen  
  92  5:37  Zergling x4  
  92  5:42  Overlord  
  96  5:43  Zergling x6  
  96  5:47  Drone  
  96  5:55  Zergling x8  
  89  5:57  Drone  
  89  5:58  Drone x2  
  89  6:00  Drone x3  
  90  6:05  Lair  
  90  6:07  Spore Crawler  
  90  6:09  Drone  
  90  6:10  Drone  
  90  6:14  Drone x5  
  90  6:17  Drone  
  96  6:20  Drone  
  96  6:21  Drone x2  
  96  6:22  Drone  
  96  6:25  Drone x2  
  102  6:28  Drone, Spore Crawler  
  102  6:29  Extractor  
  102  6:30  Extractor, Drone  
  102  6:32  Drone  
  102  6:33  Drone x2  
  102  6:34  Drone  
  102  6:36  Drone  
  102  6:37  Drone  
  107  6:40  Drone x3  
  107  6:41  Extractor x2  
  107  6:42  Evolution Chamber  
  107  6:43  Zerg Missile Weapons Level 1  
  107  6:45  Drone  
  107  6:46  Drone  
  109  6:47  Drone  
  109  6:48  Drone  
  109  6:52  Roach Warren  
  109  6:53  Overlord  
  110  6:55  Drone x2  
  110  6:56  Drone  
  110  6:59  Drone x2  
  110  7:00  Overlord  
  115  7:07  Drone  
  116  7:09  Zerg Melee Weapons Level 2  
  116  7:10  Overlord  
  116  7:13  Drone x5, Overseer  
  121  7:24  Overlord  
  120  7:31  Roach x8  
  136  7:37  Spore Crawler  
  136  7:40  Roach x2  
  136  7:41  Roach x2  
  136  7:42  Overlord  
  142  7:46  Roach x4  
  142  7:47  Overlord  
  142  7:49  Overlord  
  142  7:50  Hatchery  
  149  7:52  Spine Crawler  
  149  7:53  Overlord  
  149  7:55  Glial Reconstitution  
  149  7:58  Overlord  
  148  8:03  Roach x5  
  148  8:04  Overlord  
  158  8:12  Roach x6  
  170  8:13  Zergling x2  
  170  8:14  Overlord, Zergling x2  
  170  8:15  Zergling x2  
  170  8:17  Zergling x2  
  173  8:25  Zergling x8  
  173  8:26  Zergling x8  
  173  8:29  Zergling x8  
  176  8:36  Zergling x8  
  176  8:38  Zergling x2  
  176  8:39  Zergling x2  
  182  8:42  Infestation Pit  
  182  8:44  Zergling x2  
  182  8:46  Zergling x2  
  183  8:48  Zergling x4  
  183  8:49  Ravager x3  
  183  8:52  Extractor  
  183  8:54  Drone  
  183  8:55  Zergling x6  
  191  9:01  Zergling x16  
  199  9:07  Zergling x2  
  199  9:09  Overlord  
  197  9:19  Zergling x8  
  197  9:20  Zergling x2  
  197  9:22  Overlord  
Tags
 
Add a new tag
Caveats
  • Supply blocks, unpowered buildings, or Contaminate may cause inaccurate times.
  • Supply counts are checked every 10 seconds.